cohdb
Replays
Latest Replays
All Replays
Popular Replays
Top Player Replays
Match Explorer
How It Works
Community
CoH3 Stats
Reddit
Sign in to upload your games and track your stats! →
Sign in with Steam
US Air Strafe into Satchel = 2 dead squads
Match 35039425
Overview
Messages
Build Orders
End
Vickers Machine Gun Team
Construct Section Command Post
Selects Air and Sea Battlegroup
Dingo Light Scout Car
Infantry Section
Infantry Section
Infantry Section
Selects Supply Surplus
Construct Field Infirmary
Forward Retreat Point
Construct Platoon Command Post
Nicilobster
.Mercury-uK
Rockauto
JDOG_YO
Engineer 2022
thdgnstjr23
0
0
Comments
sign in to comment!
No comments posted yet!